 Dungeon Crawl Stone Soup version 0.29-a0-1023-g6ae1a4a2c7 (webtiles) character file.

Game seed: 6805044581845185935

1105 Araneus the Purveyor of Pain (level 8, -4/52 HPs)
             Began as a Demonspawn Necromancer on Aug 9, 2022.
             Was an Initiate of Kikubaaqudgha.
             Slain by Edmund
             ... wielding a +4 dire flail of protection
              (11 damage)
             ... on level 5 of the Dungeon on Aug 11, 2022.
             The game lasted 00:24:08 (6580 turns).

Araneus the Purveyor of Pain (DsNe)                 Turns: 6580, Time: 00:24:08

Health: -4/52      AC:  6    Str:  9    XL:     8   Next: 11%
Magic:  14/15      EV: 12    Int: 26    God:    Kikubaaqudgha [......]
Gold:   337        SH:  0    Dex: 14    Spells: 5/17 levels left

rFire   . . .      SeeInvis .   l - staff of earth
rCold   . . .      Faith    .   (no shield)
rNeg    . . .      Spirit   .   a - +0 robe
rPois   .          Reflect  .   (no helmet)
rElec   .          Harm     .   (no cloak)
rCorr   .          Rampage  .   (no gloves)
Will    .....                   (no boots)
Stlth   ++........              (no amulet)
HPRegen 0.17/turn               r - +6 ring of intelligence
MPRegen 0.14/turn               w - +4 ring of protection

@: mighty
A: claws 1, powered by pain 2, spiny 2, big brain 1
a: Renounce Religion


You were on level 5 of the Dungeon.
You worshipped Kikubaaqudgha.
Kikubaaqudgha was noncommittal.
You visited 2 branches of the dungeon, and saw 7 of its levels.

You collected 337 gold pieces.

Inventory:

Missiles
 n - 2 throwing nets
Armour
 a - a +0 robe (worn)
 x - +0 acid dragon scales
Magical Staves
 f - a staff of poison
 l - a staff of earth (weapon)
Jewellery
 r - a +6 ring of intelligence (left claw)
 w - a +4 ring of protection (right claw)
 y - an amulet of regeneration
 z - a ring of positive energy
Wands
 c - a wand of iceblast (8)
Scrolls
 e - a scroll of noise {unknown}
 g - 2 scrolls of enchant weapon {unknown}
 h - 2 scrolls of immolation {unknown}
 m - 4 scrolls of teleportation {unknown}
 o - a scroll of amnesia {unknown}
 q - 2 scrolls of poison {unknown}
 u - 2 scrolls of butterflies {unknown}
 v - 6 scrolls of identify
 A - a scroll of torment {unknown}
 B - a scroll of enchant armour {unknown}
 C - a scroll of brand weapon {unknown}
Potions
 b - a potion of magic
 d - 2 potions of ambrosia
 i - 2 potions of cancellation
 j - a potion of resistance {unknown}
 k - 2 potions of haste {unknown}
 p - a potion of brilliance {unknown}
 s - a potion of lignification {unknown}
 t - 4 potions of curing {unknown}


   Skills:
 + Level 5.2 Staves
 - Level 1.7 Dodging
 - Level 1.7 Stealth
 + Level 5.2 Spellcasting
 + Level 9.8 Necromancy
 * Level 1.0 Transmutations
 - Level 5.2 Earth Magic
 - Level 5.7 Evocations


You had 5 spell levels left.
You knew the following spells:

 Your Spells              Type           Power      Damage    Failure   Level
a - Necrotise             Necr           100%       1d9       1%          1
b - Vampiric Draining     Necr           55%        2d9       1%          3
c - Animate Dead          Necr           55%        N/A       1%          4
d - Ice Form              Ice/Tmut       9%         N/A       52%         4

Your spell library contained the following spells:

 Spells                   Type           Power      Damage    Failure   Level
 Passwall                 Tmut/Erth      28%        N/A       3%          2
 Agony                    Necr           55%        N/A       3%          5
 Beastly Appendage        Tmut           24%        N/A       4%          1
 Wereblood                Tmut           12%        N/A       8%          2
 Ensorcelled Hibernation  Hex/Ice        12%        N/A       12%         2
 Spider Form              Tmut/Pois      9%         N/A       19%         3
 Frozen Ramparts          Ice            12%        1d2       22%         3
 Swiftness                Air            6%         N/A       22%         3
 Passage of Golubria      Tloc           6%         N/A       58%         4
 Summon Ice Beast         Ice/Summ       6%         N/A       58%         4
 Silence                  Hex/Air        3%         N/A       91%         5
 Lehudib's Crystal Spear  Conj/Erth      15%        10d5      100%        8


Dungeon Overview and Level Annotations

Branches:
Dungeon (6/15)             Temple (1/1) D:4

Altars:
Ashenzari
Cheibriados
Dithmenos
Fedhas
Hepliaklqana
Kikubaaqudgha
Makhleb
Nemelex Xobeh
Okawaru
Qazlal
Ru
Sif Muna
Trog
Uskayaw
Vehumet
Wu Jian
Xom
Yredelemnul

Shops:
D:3 *

Annotations:
D:5 Edmund


Innate Abilities, Weirdness & Mutations

You have sharp fingernails.
You sometimes gain power by taking damage.
You are mostly covered in sharp spines.
You have an unusually large brain. (Int +2)


Message History

There is a stone staircase leading down here.
You climb downwards.
Your mindless puppet stays behind to rot.
There is a stone staircase leading up here.
Casting: Necrotise (safe; 1% risk of failure)
Confirm with . or Enter, or press ? or * to list all spells.
Aiming: Necrotise (safe; 1% risk of failure)
Press: ? - help, Shift-Dir - straight line, f - Edmund
Aim: Edmund, wielding a +4 dire flail of protection and wearing a +0 scale mail (asleep, chance to affect: 83%) Edmund shouts!
Edmund barely resists.
Casting: Necrotise (safe; 1% risk of failure)
Confirm with . or Enter, or press ? or * to list all spells.
Aiming: Necrotise (safe; 1% risk of failure)
Press: ? - help, Shift-Dir - straight line, f/p - Edmund
Aim: Edmund, wielding a +4 dire flail of protection and wearing a +0 scale mail (chance to affect: 83%) Edmund barely resists.
Edmund hits you with a +4 dire flail of protection!
Casting: Necrotise (safe; 1% risk of failure)
Confirm with . or Enter, or press ? or * to list all spells.
Aiming: Necrotise (safe; 1% risk of failure)
Press: ? - help, Shift-Dir - straight line, f/p - Edmund
Aim: Edmund, wielding a +4 dire flail of protection and wearing a +0 scale mail (chance to affect: 83%) Edmund barely resists.
Edmund drinks a potion.
Edmund flickers and vanishes!
Deactivating autopickup; reactivate with Ctrl-A.
Something hits you!
You climb upwards.
Reactivating autopickup.
There is a stone staircase leading down here.
Something hits you!
Deactivating autopickup; reactivate with Ctrl-A.
Something hits you.
You hit something but do no damage. Something hits you!
* * * LOW HITPOINT WARNING * * *
You focus on the pain.
You feel very mighty all of a sudden.
Okay, then.
Something hits you!
You die...
Kikubaaqudgha rasps: "You have failed me!
Welcome... death!"

#..## ##.......[.............#.##
#..# #..........).............##
#..####....)...............##.##
....#...#..................##Z.##
.#.......##......##...........#..
####...#..##.................##..
# ##...........#................
# #..###......#................
## ###..........@................
.###.#...........................
.......##..............(...##....
##....#..##......................
###....###..)..............#....
#....###......................
####....##.......#.......Z.......
#.............#..................
..###.....>...#..................


There were no monsters in sight!

Vanquished Creatures
  2 black bears
  An orc warrior (D:5)
  A howler monkey (D:5)
  An orc priest (D:5)
  4 hounds
  Natasha (thrice) (D:2)
  2 iguanas (D:5)
  11 gnolls
  6 adders
  A white imp (D:5)
  A worm (D:2)
  A dart slug (D:1)
  An orc (D:5)
  5 ball pythons
  9 endoplasms
  4 giant cockroaches
  11 goblins
  5 hobgoblins
  3 quokkas
  5 bats
  3 frilled lizards
  10 kobolds
  A rat (D:1)
91 creatures vanquished.

Vanquished Creatures (collateral kills)
  An ogre (D:5)
  A dart slug (D:1)
  3 kobolds
5 creatures vanquished.

Vanquished Creatures (others)
  An adder zombie (D:5)
  A gnoll zombie (D:5)
2 creatures vanquished.

Grand Total: 98 creatures vanquished

Notes
Turn   | Place    | Note
-------+----------+-------------------------------------------
     0 | D:1      | Araneus the Demonspawn Necromancer began the quest for the
                  | Orb.
     0 | D:1      | Reached XP level 1. HP: 13/13 MP: 3/3
   440 | D:1      | Gained mutation: You are partially covered in sharp spines.
                  | [demonic ancestry]
   440 | D:1      | Reached XP level 2. HP: 19/19 MP: 1/5
   589 | D:1      | Reached skill level 5 in Necromancy
  1060 | D:1      | Found a faded altar of an unknown god.
  1137 | D:1      | Reached XP level 3. HP: 24/24 MP: 3/6
  1502 | D:2      | Gained mutation: You have sharp fingernails. [demonic
                  | ancestry]
  1502 | D:2      | Reached XP level 4. HP: 30/30 MP: 3/8
  1594 | D:2      | Learned a level 3 spell: Vampiric Draining
  2157 | D:2      | Noticed Natasha
  2165 | D:2      | Killed Natasha
  2197 | D:2      | Noticed Natasha
  2205 | D:2      | Killed Natasha
  2206 | D:2      | Reached skill level 6 in Necromancy
  2206 | D:2      | Gained mutation: You sometimes gain a little power by
                  | taking damage. [demonic ancestry]
  2206 | D:2      | Reached XP level 5. HP: 27/35 MP: 4/10
  2250 | D:2      | Noticed Natasha
  2267 | D:2      | Killed Natasha
  2686 | D:3      | Upgraded the game from 0.29-a0-1014-ga8c0faee3b to
                  | 0.29-a0-1018-g6b6670bd90
  2929 | D:3      | Found Bykurgh's Assorted Antiques.
  2946 | D:3      | Learned a level 4 spell: Animate Dead
  3150 | D:3      | Noticed a black bear
  3155 | D:3      | Reached skill level 5 in Staves
  3155 | D:3      | Reached skill level 9 in Necromancy
  3155 | D:3      | Reached skill level 5 in Earth Magic
  3155 | D:3      | Reached skill level 5 in Evocations
  3155 | D:3      | Gained mutation: You sometimes gain power by taking damage.
                  | [demonic ancestry]
  3155 | D:3      | Reached XP level 6. HP: 41/41 MP: 8/11
  3569 | D:3      | Found a radiant altar of Vehumet.
  3569 | D:3      | Found a faded altar of an unknown god.
  3599 | D:3      | Found a basalt altar of Yredelemnul.
  3601 | D:3      | Found a sparkling altar of Nemelex Xobeh.
  3603 | D:3      | Found an ancient bone altar of Kikubaaqudgha.
  3618 | D:3      | Became a worshipper of Kikubaaqudgha
  3885 | D:4      | Found a hide-covered altar of Uskayaw.
  3915 | D:4      | Gained mutation: You are mostly covered in sharp spines.
                  | [demonic ancestry]
  3915 | D:4      | Reached XP level 7. HP: 34/46 MP: 6/13
  4087 | D:4      | Identified the +11 hand axe of Conformity {venom, rN+++}
  4408 | D:4      | Found a staircase to the Ecumenical Temple.
  4417 | Temple   | Entered the Ecumenical Temple
  4826 | D:5      | Entered Level 5 of the Dungeon
  5054 | D:5      | Reached skill level 5 in Spellcasting
  5059 | D:5      | Learned a level 4 spell: Ice Form
  5060 | D:5      | Upgraded the game from 0.29-a0-1018-g6b6670bd90 to
                  | 0.29-a0-1023-g6ae1a4a2c7
  5872 | D:5      | Gained mutation: You have an unusually large brain. (Int
                  | +2) [demonic ancestry]
  5872 | D:5      | Reached XP level 8. HP: 16/52 MP: 7/15
  6210 | D:5      | Reached skill level 1 in Transmutations
  6565 | D:6      | Noticed Edmund
  6580 | D:5      | Slain by Edmund

Illustrated notes

Levels and vault maps discovered:
D:1:      minmay_arrival_diagonal_passages, layout_basic,
          hellmonk_ecumenical_altar_slurped_away, minmay_pentomino_v4
D:2:      layout_basic, uniq_natasha
D:3:      layout_basic, chequers_temple_overflow_minitemple, serial_shops,
          shop_fountains
D:4:      layout_cave_pools, mainiacjoe_overflow_tiny_flanked,
          lemuel_temple_firewalk_b
D:5:      layout_layer_cave
D:6:      layout_basic, uniq_eustachio, uniq_menkaure, uniq_edmund
Temple:   eino_temple_rhombus

Skill      XL: |  1  2  3  4  5  6  7  8 |
---------------+-------------------------+-----
Necromancy     | 5 6 9 |  9.8
Spellcasting   | 3 4 5 |  5.2
Staves         | 5 |  5.2
Earth Magic    | 5 |  5.2
Evocations     | 5 |  5.7
Transmutations | 1 |  1.0
Dodging        | |  1.7
Stealth        | |  1.7

Action                   |  1- 3 |  4- 6 |  7- 9 || total
-------------------------+-------+-------+-------++-------
Melee: Unarmed           |    12 |       |       ||    12
       Staff             |    13 |    11 |    24 ||    48
       Short sword       |     3 |       |       ||     3
       Punch             |       |       |     2 ||     2
 Cast: Necrotise         |    40 |    72 |    50 ||   162
       Animate Dead      |       |     1 |     2 ||     3
       Vampiric Draining |       |       |     4 ||     4
  Use: Scroll            |       |     3 |       ||     3
       Potion            |       |     1 |       ||     1
Armor: Robe              |     5 |    10 |    15 ||    30
Dodge: Dodged            |    11 |    31 |    24 ||    66

Table legend: (Time is in decaauts)
 A = Elapsed time spent in this place.
 B = Non-inter-level travel time spent in this place.
 C = Inter-level travel time spent in this place.
 D = Time resting spent in this place.
 E = Time spent auto-exploring this place.
 F = Levels seen in this place.
 G = Mean time per level.
                   A        B        C        D        E       F      G
               +--------+--------+--------+--------+--------+-----+--------+
         Total |   6579 |   6352 |    227 |      0 |   5681 |   7 |  939.9 |
       Dungeon |   6382 |   6174 |    208 |      0 |   5517 |   6 | 1063.7 |
        Temple |    196 |    177 |     19 |      0 |    164 |   1 |  196.0 |
               +--------+--------+--------+--------+--------+-----+--------+

Top non-repeatable levels by time:
     D:5: 1747 daAuts
     D:1: 1401 daAuts
     D:2: 1285 daAuts
     D:3: 1199 daAuts
     D:4: 743 daAuts
  Temple: 196 daAuts
     D:6: 4 daAuts
